 Dungeon Crawl Stone Soup version 0.22.1-1-ga44c0e5 (webtiles) character file.

68 Fang the Skirmisher (level 4, -1/29 HPs)
             Began as a Gargoyle Berserker on Sept 28, 2018.
             Was a Follower of Trog.
             Slain by an iguana (8 damage)
             ... on level 2 of the Dungeon.
             The game lasted 00:02:29 (1181 turns).

Fang the Skirmisher (Gargoyle Berserker)            Turns: 1181, Time: 00:02:30

Health: -1/29      AC:  5    Str: 22    XL:     4   Next: 19%
Magic:  4/4        EV: 12    Int:  7    God:    Trog [*.....]
Gold:   83         SH:  0    Dex:  9    Spells: 3/3 levels left

rFire    . . .     SeeInvis .   a - +0 hand axe
rCold    . . .     Gourm    .   (no shield)
rNeg     + . .     Faith    .   b - +0 animal skin
rPois    ∞         Spirit   .   (no helmet)
rElec    +         Reflect  .   (no cloak)
rCorr    .         Harm     .   (no gloves)
MR       .....     Rnd*Tele +   (no boots)
Stlth    +.........             (no amulet)
HPRegen  0.09/turn              d - ring of teleportation (curse)
MPRegen  0.09/turn              j - ring of flight

@: berserk cooldown, slowed, very slow
A: negative energy resistance 1, electricity resistance, unbreathing,
petrification resistance, rot immunity, AC +3
a: Berserk, Renounce Religion, Evoke Flight


You were on level 2 of the Dungeon.
You worshipped Trog.
Trog was aware of your devotion.
You were near starving.

You visited 1 branch of the dungeon, and saw 3 of its levels.

You collected 83 gold pieces.

Inventory:

Hand Weapons
 a - a +0 hand axe (weapon)
Armour
 b - a +0 animal skin (worn)
Jewellery
 d - a cursed ring of teleportation (left hand)
 i - an uncursed ring of fire
 j - a ring of flight (right hand)
Scrolls
 e - 2 scrolls of blinking {unknown}
 f - a scroll of immolation {unknown}
 h - a scroll of remove curse {unknown}
 m - 4 scrolls of teleportation {unknown}
 n - a scroll of enchant armour {unknown}
Potions
 g - a potion of heal wounds {unknown}
 k - a potion of flight {unknown}
 l - a potion of curing {unknown}
Comestibles
 c - 7 rations


   Skills:
 + Level 3.9 Fighting
 + Level 3.7 Axes
 + Level 2.4 Armour
 + Level 1.9 Dodging
 + Level 0.6 Stealth


You had 3 spell levels left.
You didn't know any spells.
Your spell library was empty.

Dungeon Overview and Level Annotations

Branches:
Dungeon (3/15)

Altars:


Innate Abilities, Weirdness & Mutations

You are resistant to torment.
Your stone body is resilient. (AC +3)
You are immune to poison.
You resist negative energy. (rN+)
You are resistant to electric shocks. (rElec)
You can survive without breathing.
You are immune to petrification.
You are immune to rotting.


Message History

You are too injured to fight recklessly!
You are too injured to fight recklessly!
The iguana completely misses you.
A gnoll comes into view. It is wielding a club.
The gnoll shouts!
You hear a shout!
The gnoll moves out of view.
There is a stone staircase leading up here.
You see here a hobgoblin corpse.
The iguana closely misses you. The iguana misses you.
You climb upwards.
There is a stone staircase leading down here.
You barely miss the iguana.
The iguana bites you but does no damage.
You closely miss the iguana. The iguana barely misses you.
The iguana bites you.
* * * LOW HITPOINT WARNING * * *
You closely miss the iguana. The iguana barely misses you.
The iguana closely misses you.
You closely miss the iguana. The iguana bites you!
You die...

#...# #...# #...#
#...# #...#
######...# ##
#........# #.
###.....)..######.
#@'........'......
#l#........##.##..
#.#..^.....##.##..
#.#........##.###.
#.#........##.# #.
#)#........##.# #.
#.#........##.###[
#.#.......)##.(...
#.................


You could see an iguana.

Vanquished Creatures
  Terence (D:3)
  An adder (D:2)
  An ooze (D:2)
  2 leopard geckos
  5 bats
  A giant cockroach (D:2)
  2 goblins (D:1)
  5 hobgoblins
  4 kobolds
  A quokka (D:3)
  A frilled lizard (D:1)
  3 rats
27 creatures vanquished.

Notes
Turn   | Place    | Note
-------+----------+-------------------------------------------
     0 | D:1      | Fang the Gargoyle Berserker began the quest for the Orb.
     0 | D:1      | Reached XP level 1. HP: 14/14 MP: 1/1
   258 | D:1      | Reached XP level 2. HP: 19/19 MP: 2/2
   819 | D:2      | Reached XP level 3. HP: 23/23 MP: 3/3
  1157 | D:3      | Noticed Terence
  1167 | D:3      | Killed Terence
  1167 | D:3      | Reached XP level 4. HP: 29/29 MP: 4/4
  1181 | D:2      | Slain by an iguana

Skill      XL: |  1  2 |
---------------+-------+-----
Axes           | 3 |  3.7
Fighting       | |  3.9
Armour         | |  2.4
Dodging        | |  1.9
Stealth        | |  0.6

Action                   |  1- 3 |  4- 6 || total
-------------------------+-------+-------++-------
Melee: Hand axe          |    64 |     8 ||    72
Invok: Berserk           |     1 |       ||     1
 Stab: Sleeping          |     1 |       ||     1
Armor: Animal skin       |    24 |     2 ||    26
Dodge: Dodged            |    37 |     7 ||    44
